 Dungeon Crawl Stone Soup version 0.22-b1-21-g5cfc168 (webtiles) character file.

780 nicolaieve the Basher (level 7, -9/87 HPs)
             Began as a Minotaur Berserker on Aug 5, 2018.
             Was a Priest of Trog.
             Killed from afar by an electric eel (13 damage)
             ... with a bolt of electricity
             ... on level 6 of the Dungeon.
             The game lasted 00:14:39 (3939 turns).

nicolaieve the Basher (Minotaur Berserker)          Turns: 3939, Time: 00:14:40

Health: -9/87      AC: 11    Str: 30    XL:     7   Next: 55%
Magic:  6/6        EV:  9    Int:  4    God:    Trog [***...]
Gold:   175        SH:  0    Dex: 12    Spells: 6/6 levels left

rFire    . . .     SeeInvis .   x - +0 whip
rCold    . . .     Gourm    .   (no shield)
rNeg     . . .     Faith    .   g - +0 chain mail
rPois    .         Spirit   .   (helmet restricted)
rElec    .         Reflect  .   t - +0 cloak
rCorr    .         Harm     .   (no gloves)
MR       ++...                  h - +0 pair of boots
Stlth    ..........             (no amulet)
HPRegen  1.24/turn              u - +4 ring of strength
MPRegen  0.10/turn              (no ring)

@: berserking (expiring), regenerating, drained, very quick
A: retaliatory headbutt, horns 2
a: Berserk, Trog's Hand, Renounce Religion


You were on level 6 of the Dungeon.
You worshipped Trog.
Trog was most pleased with you.
You were hungry.

You visited 1 branch of the dungeon, and saw 6 of its levels.

You collected 175 gold pieces.

Inventory:

Hand Weapons
 x - a +0 whip (weapon)
Armour
 g - a +0 chain mail (worn)
 h - a +0 pair of boots (worn)
 t - a +0 cloak (worn)
Jewellery
 u - a +4 ring of strength (left hand)
Wands
 l - a wand of digging (11)
 n - a wand of acid (10)
 p - a wand of disintegration (15)
 s - a wand of polymorph (16)
 y - a wand of flame (57)
Scrolls
 a - a scroll of fear {unknown}
 b - 3 scrolls of remove curse {unknown}
 i - a scroll of teleportation {unknown}
 j - 4 scrolls of identify {unknown}
 m - a scroll of enchant weapon {unknown}
 o - a scroll of magic mapping {unknown}
Potions
 d - 2 potions of brilliance {unknown}
 e - 2 potions of agility {unknown}
 f - 2 potions of berserk rage {unknown}
 k - 3 potions of heal wounds {unknown}
 q - a potion of lignification {unknown}
 r - a potion of ambrosia {unknown}
 v - a potion of cancellation {unknown}
Comestibles
 c - 6 rations
 w - 3 chunks of flesh


   Skills:
 * Level 3.8(3.6) Fighting
 + Level 10.4(10.2) Maces & Flails
 * Level 3.0(2.8) Armour
 * Level 2.3(2.2) Dodging


You had 6 spell levels left.
You didn't know any spells.
Your spell library was empty.

Dungeon Overview and Level Annotations

Branches:
Dungeon (6/15)
 Temple: D:4-7

Altars:
Gozag
Kikubaaqudgha
Nemelex Xobeh
Ru
Sif Muna
Vehumet

Shops:
D:5 *

Annotations:
D:6 1 transporter


Innate Abilities, Weirdness & Mutations

You reflexively headbutt those who attack you in melee.
You have a pair of horns on your head.


Message History

You are too berserk!
You thrash the electric eel!!
You kill the electric eel!
Trog accepts your kill.
You hear a splash.
Your base Armour skill increases to level 3!
The electric eel shoots out a bolt of lightning at you!
The bolt of electricity hits you!
* * * LOW HITPOINT WARNING * * *
The electric eel shoots out a bolt of lightning at you!
The bolt of electricity hits you!
* * * LOW HITPOINT WARNING * * *
The bolt of electricity hits you!
* * * LOW HITPOINT WARNING * * *
Unknown command.
You hit the electric eel. Your headbutt misses the electric eel.
The electric eel is moderately wounded.
The electric eel shoots out a bolt of lightning at you!
The bolt of electricity hits you!
You die...

.......... .........######
...#.........# .
#...........#
..########........>#
..................#
#############....#
...#8P#≈≈≈≈≈;†#P8#)#).#
.#....#..#......@#..#..#.###
.....©#©$+...⌠...'.©#©.....#
......#..#.......#..#..#.###
.#....#8P#≈≈≈≈≈;;#P8#....#
.....###############.##.#
.##...................# .#
..<.............####### .#
.†...............#
###...#...(......#


You could see 3 electric eels.

Vanquished Creatures
  Grinder (D:3)
  A centaur (D:5)
  A vampire bat (D:5)
  An electric eel (D:6)
  A crimson imp (D:5)
  2 hounds (D:5)
  3 orc wizards
  An iguana (D:5)
  A worker ant (D:6)
  A howler monkey skeleton (D:5)
  6 gnolls
  4 adders
  An ooze (D:1)
  3 worms
  2 dart slugs (D:2)
  2 leopard geckos
  19 orcs
  A ball python (D:5)
  3 bat skeletons (D:5)
  3 bat zombies (D:5)
  2 giant cockroaches
  A goblin (D:3)
  5 hobgoblins
  A jackal (D:4)
  A kobold (D:1)
  A quokka (D:5)
  2 bats
  7 frilled lizards
  9 rats
86 creatures vanquished.

Notes
Turn   | Place    | Note
-------+----------+-------------------------------------------
     0 | D:1      | nicolaieve the Minotaur Berserker began the quest for the Orb.
     0 | D:1      | Reached XP level 1. HP: 19/19 MP: 0/0
   110 | D:1      | Reached skill level 4 in Maces & Flails
   438 | D:1      | Reached XP level 2. HP: 25/26 MP: 1/1
   721 | D:2      | Found a radiant altar of Vehumet.
  1019 | D:2      | Reached skill level 5 in Maces & Flails
  1047 | D:2      | Found a sacrificial altar of Ru.
  1062 | D:2      | Reached XP level 3. HP: 31/31 MP: 2/2
  1198 | D:2      | Found a sparkling altar of Nemelex Xobeh.
  1645 | D:3      | Reached ** piety under Trog
  1715 | D:3      | Noticed Grinder
  1719 | D:3      | Paralysed by Grinder for 5 turns
  1726 | D:3      | Reached skill level 6 in Maces & Flails
  1726 | D:3      | Reached XP level 4. HP: 38/39 MP: 3/3
  1738 | D:3      | Killed Grinder
  1738 | D:3      | Reached skill level 8 in Maces & Flails
  1738 | D:3      | Reached XP level 5. HP: 28/45 MP: 4/4
  1738 | D:3      | Reached XP level 6. HP: 32/51 MP: 5/5
  2732 | D:5      | Entered Level 5 of the Dungeon
  2867 | D:5      | Found a deep blue altar of Sif Muna.
  2868 | D:5      | Reached skill level 9 in Maces & Flails
  2957 | D:5      | Found an ancient bone altar of Kikubaaqudgha.
  2964 | D:5      | Reached *** piety under Trog
  3039 | D:5      | Reached XP level 7. HP: 38/57 MP: 6/6
  3110 | D:5      | Reached skill level 10 in Maces & Flails
  3391 | D:5      | Found an opulent altar of Gozag.
  3392 | D:5      | Found Gozag's Platinum Reserve.
  3862 | D:6      | Found a transporter.
  3892 | D:6      | Found a transporter.
  3938 | D:6      | HP: 3/87 [electric eel/bolt of electricity (9)]
  3939 | D:6      | Killed from afar by an electric eel

Skill      XL: |  1  2  3  4  5  6  7 |
---------------+----------------------+-----
Maces & Flails | 4 5 6 8 9 10 | 10.4
Armour         | 3 |  3.0
Fighting       | |  3.8
Dodging        | |  2.3

Action                   |  1- 3 |  4- 6 |  7- 9 || total
-------------------------+-------+-------+-------++-------
Melee: Mace              |    68 |    83 |    24 ||   175
       Headbutt          |    10 |    17 |    13 ||    40
       Whip              |       |       |    43 ||    43
Invok: Berserk           |     1 |       |     1 ||     2
       Trog's Hand       |       |       |     1 ||     1
 Stab: Sleeping          |     1 |       |       ||     1
  Eat: Chunk             |     2 |     6 |     3 ||    11
Armor: Animal skin       |     4 |       |       ||     4
       Chain mail        |    33 |    50 |    22 ||   105
Dodge: Dodged            |    34 |    43 |    16 ||    93
